AoeStats
← Zodiac

Arena

510639768Analyzed
4v4 RM · 1d ago on Oct 1, 2026· 55m 36s· 8 players
Game mode
Random Map
Map size
Large (8 player)
Population
200
Speed
Normal
Resources
Standard
Victory
Conquest
Starting age
Dark Age
Ending age
Imperial Age
RankedLock teamsTeams togetherTeam positionsShared explorationLock speedFull tech treeHidden civsTurbo modeCheats
Victory
Defeat
🇺🇸 Malians · United States
1139
+13
🇵🇪 Varangians · Peru
1041
+17
🇹🇷 Burgundians · Türkiye
1022
+18
🇹🇷 Shu · Türkiye
965
+20
🇩🇴 Romans · Dominican Republic
1095
-18
🇨🇿 Vikings · Czechia
1061
-17
🇲🇽 Spanish · Mexico
1058
-17
🇺🇸 Teutons · United States
1034
-16
NY-HENRY
0:27 Loom
11:35 Feudal Age
16:00 Castle Age
15:05 Double-Bit Axe
15:05 Horse Collar
16:42 Wheelbarrow
24:20 Forging
24:16 Scale Barding Armor
25:51 Iron Casting
26:18 Bloodlines
32:55 Imperial Age
32:53 Chain Barding Armor
33:27 Gold Mining
33:58 Cavalier
37:09 Plate Barding Armor
37:25 Conscription
37:42 Hand Cart
37:30 Heavy Plow
41:55 Blast Furnace
40:56 Scale Mail Armor
41:06 Paladin
41:53 Squires
41:14 Pikeman
adriel.fe1123
2:44 Loom
11:35 Feudal Age
16:17 Castle Age
14:57 Double-Bit Axe
14:58 Horse Collar
17:30 Bow Saw
33:05 Imperial Age
32:07 Gold Mining
32:34 Heavy Plow
35:23 Wheelbarrow
35:15 Fletching
35:26 Padded Archer Armor
37:18 Gold Shaft Mining
37:01 Hand Cart
37:10 Scale Mail Armor
38:45 Chemistry
38:05 Ballistics
38:53 Heavy Scorpion
40:07 Ballistas
46:45 Town Watch
47:09 Siege Engineers
47:14 Masonry
46:55 Elite Centurion
49:44 Squires
50:15 Elite Skirmisher
53:59 Pikeman
Zodiac
9:45 Feudal Age
14:49 Castle Age
13:16 Double-Bit Axe
19:15 Horse Collar
21:27 Stone Mining
22:14 Bow Saw
26:23 Fletching
26:39 Loom
26:41 Town Watch
27:13 Forging
27:04 Scale Mail Armor
27:13 Bodkin Arrow
30:15 Forging
30:06 Scale Mail Armor
32:11 Fortified Wall
32:12 Masonry
31:43 Treadmill Crane
42:33 Imperial Age
40:41 Iron Casting
40:21 Chain Mail Armor
40:48 Squires
43:15 Chieftains
43:56 Elite Varangian Guard
45:53 Blast Furnace
45:23 Plate Mail Armor
VL Neyten
7:09 Loom
9:59 Feudal Age
16:07 Castle Age
15:04 Stone Mining
20:45 Padded Archer Armor
21:22 Fletching
22:15 Double-Bit Axe
22:17 Horse Collar
27:11 Wheelbarrow
26:21 Town Watch
27:54 Stone Mining
28:04 Gold Mining
28:17 Heavy Plow
31:21 Leather Archer Armor
31:02 Bodkin Arrow
31:46 Stone Shaft Mining
35:13 Fervor
35:25 Sanctity
37:45 Imperial Age
35:27 Herbal Medicine
36:53 Hand Cart
37:27 Bow Saw
Zizzle4879
11:29 Feudal Age
11:57 Loom
12:12 Horse Collar
16:37 Castle Age
15:52 Forging
15:54 Double-Bit Axe
20:37 Heavy Plow
25:05 Husbandry
25:07 Squires
26:49 Scale Mail Armor
27:38 Gold Mining
29:08 Gold Shaft Mining
33:06 Imperial Age
30:33 Town Watch
30:57 Scale Barding Armor
31:27 Iron Casting
31:05 Bloodlines
33:34 Wheelbarrow
33:20 Heavy Camel Rider
34:02 Farimba
35:14 Chain Barding Armor
35:32 Conscription
37:43 Elite Gbeto
39:03 Chain Mail Armor
El Gran Bizantino
4:20 Loom
12:21 Feudal Age
17:13 Castle Age
15:36 Double-Bit Axe
16:00 Horse Collar
16:30 Stone Mining
31:45 Fletching
38:40 Gold Mining
40:13 Fortified Wall
40:35 Scale Barding Armor
40:40 Forging
42:32 Chain Barding Armor
42:48 Iron Casting
43:29 Wheelbarrow
43:17 Vendel Legacy
47:46 Imperial Age
46:24 Hand Cart
46:12 Heavy Plow
46:51 Stone Shaft Mining
48:33 Elite Jarl
49:35 Conscription
51:37 Plate Barding Armor
52:03 Blast Furnace
50:44 Gothikon
Namzer
10:44 Feudal Age
15:19 Castle Age
13:38 Double-Bit Axe
17:35 Bow Saw
17:02 Crossbowman
20:22 Fletching
21:12 Gold Mining
22:47 Wheelbarrow
22:27 Thumb Ring
27:21 Bodkin Arrow
29:38 Horse Collar
31:41 Ballistics
33:54 Imperial Age
31:12 Loom
31:55 Stone Mining
32:02 Treadmill Crane
33:56 Hand Cart
34:49 Arbalester
36:22 Bracer
38:07 Chemistry
37:58 Gold Shaft Mining
38:18 Caravan
39:34 Two-Man Saw
39:36 Conscription
43:01 Padded Archer Armor
43:13 Siege Engineers
44:04 Conscription
44:31 Forging
44:21 Scale Mail Armor
44:05 Elite White Feather Guard
45:54 Bolt Magazine
48:17 Chain Mail Armor
48:19 Leather Archer Armor
49:37 Plate Mail Armor
49:56 Gambesons
50:12 Squires
49:58 Arson
52:17 Ring Archer Armor
SarilarinSulo
7:17 Double-Bit Axe
12:05 Feudal Age
16:16 Castle Age
15:19 Bow Saw
15:25 Horse Collar
16:47 Scale Barding Armor
16:24 Cavalier
17:28 Husbandry
19:58 Forging
21:15 Two-Man Saw
21:34 Heavy Plow
24:15 Chain Barding Armor
25:32 Crop Rotation
25:40 Wheelbarrow
25:04 Gold Mining
27:53 Iron Casting
28:48 Stone Mining
30:08 Stone Shaft Mining
30:32 Hand Cart
32:49 Gold Shaft Mining
38:06 Imperial Age
35:43 Burgundian Vineyards
37:34 Town Watch
38:25 Caravan
38:08 Paladin
38:21 Elite Coustillier
39:27 Conscription
39:18 Town Patrol
39:05 Loom
40:14 Plate Barding Armor
40:40 Blast Furnace
Connection lost

Rejoining the realm…

Still unreachable

The connection could not be restored.

Session expired

The server has moved on; the page needs a fresh start.